Map: Tours du crépuscule

Players

zidar

  • Race: Zerg Zerg
  • League: Silver
  • Spawn Location: 1:00

KommanderHun - Winner!

  • Race: Zerg Zerg
  • League: Silver
  • Spawn Location: 7:00

VOD

Have the link to the VOD?

Description

Time

  • Played on: March 5, 2016, 9:21 a.m.
  • Length: 3:01
Show
View Real Time Build Order
Export as new Build Order

zidar Zerg 

Build Orders: Pool First 

Get SALT Encoding   

  12  0:02  Drone  
  13  0:12  Overlord  
  13  0:17  Drone  
  14  0:33  Drone x2  
  16  0:44  Spawning Pool  
  15  0:50  Drone  
  15  0:51  Drone  
  17  1:14  Hatchery  
  17  1:16  Drone  
  17  1:19  Extractor  
  17  1:22  Drone  
  17  1:33  Queen  
  19  1:51  Drone  
  19  1:53  Drone  
  21  1:54  Overlord  
  21  2:03  Drone  
  22  2:21  Zergling x2  
  7  2:45  Spine Crawler  
  7  2:46  Spine Crawler  
Show
View Real Time Build Order
Export as new Build Order

KommanderHun Zerg - Winner!

Build Orders: Pool First 

Get SALT Encoding   

  12  0:10  Drone  
  13  0:25  Spawning Pool  
  12  0:30  Overlord  
  12  0:49  Drone  
  13  0:56  Drone  
  14  1:12  Zergling x4  
  14  1:13  Zergling x2  
  17  1:33  Hatchery  
  17  1:36  Zergling x4  
  19  1:47  Zergling x2  
  20  2:15  Zergling x4  
  19  2:26  Zergling x2  
Tags
 
Add a new tag
Caveats
  • Supply blocks, unpowered buildings, or Contaminate may cause inaccurate times.
  • Supply counts are checked every 10 seconds.